 Dungeon Crawl Stone Soup version 0.27.1-33-g824d729ab1 (webtiles) character file.

Game seed: 11541277345911259980

2557 raph the Destroyer (level 9, -1/45 HPs)
             Began as a Tengu Conjurer on Dec 12, 2021.
             Was a Believer of Vehumet.
             Slain by a water moccasin (7 damage)
             ... on level 8 of the Dungeon.
             The game lasted 00:17:17 (10258 turns).

raph the Destroyer (Tengu Conjurer)                Turns: 10258, Time: 00:17:17

Health: -1/45      AC:  5    Str:  7    XL:     9   Next: 56%
Magic:  2/16       EV: 13    Int: 21    God:    Vehumet [**....]
Gold:   285        SH:  0    Dex: 14    Spells: 3/17 levels left

rFire    . . .     SeeInvis .   p - +2 rapier (drain)
rCold    + + .     Faith    .   (no shield)
rNeg     . . .     Spirit   .   n - +2 leather armour {rC+}
rPois    +         Reflect  .   (helmet restricted)
rElec    .         Harm     .   (no cloak)
rCorr    .         Rampage  .   (no gloves)
Will     .....                  (boots unavailable)
Stlth    ++........             (no amulet)
HPRegen  0.15/turn              b - ring of poison resistance
MPRegen  0.15/turn              k - ring of protection from cold

@: flying quickly and evasively, quick
A: beak, talons 3, nimble flight
a: Renounce Religion


You were on level 8 of the Dungeon.
You worshipped Vehumet.
Vehumet was pleased with you.
You visited 2 branches of the dungeon, and saw 9 of its levels.
You also visited: Bailey.

You collected 285 gold pieces.

Inventory:

Hand Weapons
 c - a +1 falchion
 p - a +2 rapier of draining (weapon)
Armour
 a - a +0 robe
 n - a +2 leather armour of cold resistance (worn)
Jewellery
 b - a ring of poison resistance (left hand)
 f - a ring of see invisible
 k - a ring of protection from cold (right hand)
Wands
 d - a wand of polymorph (11)
 h - a wand of paralysis (10)
 o - a wand of flame (30)
Scrolls
 j - a scroll of magic mapping
 q - a scroll of identify
 r - a scroll of summoning
 s - a scroll of blinking
Potions
 e - 2 potions of heal wounds
 g - 4 potions of brilliance
 i - 2 potions of haste
 l - 3 potions of might {unknown}
 m - a potion of lignification {unknown}


   Skills:
 - Level 2.1 Dodging
 - Level 2.0 Stealth
 + Level 4.5 Spellcasting
 * Level 13.0 Conjurations
 * Level 4.7 Hexes
 + Level 2.0 Translocations


You had 3 spell levels left.
You knew the following spells:

 Your Spells              Type           Power      Damage    Failure   Level
a - Magic Dart            Conj           100%       1d8       1%          1
b - Searing Ray           Conj           100%       3d7       1%          2
c - Dazzling Flash        Conj/Hex       84%        N/A       1%          3
d - Fulminant Prism       Conj/Hex       21%        3d13      4%          4
e - Iskenderun's Mystic   Conj/Tloc      36%        2d9       8%          4

Your spell library contained the following spells:

 Spells                   Type           Power      Damage    Failure   Level
 Sandblast                Erth           8%         2d5       17%         1
 Corona                   Hex            26%        N/A       2%          1
 Apportation              Tloc           26%        N/A       8%          1
 Animate Skeleton         Necr           8%         N/A       17%         1
 Summon Small Mammal      Summ           16%        N/A       17%         1
 Gell's Gravitas          Tloc           6%         N/A       22%         3
 Lesser Beckoning         Tloc           6%         N/A       22%         3
 Teleport Other           Tloc           13%        N/A       22%         3


Dungeon Overview and Level Annotations

Branches:
Dungeon (8/15)             Temple (1/1) D:4          Bailey (visited)
   Lair: D:8-11

Altars:
Ashenzari
Cheibriados
Dithmenos
Elyvilon
Fedhas
Gozag
Hepliaklqana
Kikubaaqudgha
Makhleb
Nemelex Xobeh
Okawaru
Qazlal
Ru
Sif Muna
Trog
Uskayaw
Vehumet
Wu Jian
Xom
Yredelemnul
Zin
The Shining One

Shops:
D:3 =

Annotations:
D:6 2 runed translucent doors, ig889090's ghost, novice FoFi


Innate Abilities, Weirdness & Mutations

You have a beak for a mouth.
You have claws for feet.
Your magical nature lets you fly swiftly and evasively.


Message History

Casting: Iskenderun's Mystic Blast (quite dangerous; 8% risk of failure)
Confirm with . or Enter, or press ? or * to list all spells.
You erupt in a blast of force!
The mystic blast hits the wyvern!
The wyvern is severely wounded.
The wyvern is knocked back by the mystic blast.
The mystic blast hits the wyvern!
The wyvern is severely wounded.
The wyvern is knocked back by the mystic blast.
You hear a bellow!
Casting: Iskenderun's Mystic Blast (quite dangerous; 8% risk of failure)
Confirm with . or Enter, or press ? or * to list all spells.
Aiming: Fulminant Prism (dangerous; 4% risk of failure)
Press: ? - help, Dir - move target You conjure a prism of explosive energy!
A fulminant prism comes into view.
The water moccasin bites your fulminant prism. x3
The wyvern bites something!
The water moccasin barely misses you. The water moccasin bites you.
You are poisoned.
The water moccasin poisons you!
You feel sick. The wyvern bites you!
You feel sick.
You feel sick.
You feel sick. The wyvern completely misses you.
You feel sick. The water moccasin bites you.
You feel sick. The wyvern closely misses you.
Things that are here:
a +0 trident; an orc skeleton
Okay, then.
You feel sick. The water moccasin closely misses you.
You feel sick.
You are no longer poisoned.
The water moccasin bites you.
There is a stone staircase leading up here.
The water moccasin bites you.
* * * LOW HITPOINT WARNING * * *
The wyvern bites you.
* * * LOW HITPOINT WARNING * * *
The water moccasin bites you!
You die...

################# ##
.........#....... .#
.........#....... .#
.........#....... .# .
............ ####.#
######..##..#######....#####
......................>....#
.#####..##..#..........#####
.# #.........)@......## .#
#.........lSS......## .#
##.#.....##lS.......# .#
#.#.#.####)l.......# .#
#...#.# #..........# '##
#####.####o........# ..#
#.....Y........# ..#
#####......##.## ..#
########.......#.#


You could see a yak, 3 water moccasins, 3 wyverns and an orc.

Vanquished Creatures
  Edmund (D:4)
  An ice beast (D:5)
  A black bear (D:5)
  A sky beast (D:6)
  3 ogres
  A necrophage (D:6)
  A centaur (D:7)
  3 phantoms
  2 bullfrogs
  3 scorpions (D:4)
  A water moccasin skeleton (D:6)
  2 centaur zombies
  2 jellies
  A bullfrog zombie (D:5)
  A hound (D:5)
  3 orc priests
  A bullfrog skeleton (D:5)
  Ijyb (D:4)
  3 iguanas
  6 orc wizards
  A killer bee zombie (D:7)
  2 hound skeletons (D:4)
  A howler monkey zombie (D:5)
  9 gnolls
  2 river rats (D:6)
  4 adders
  A howler monkey skeleton (D:6)
  A shadow imp (D:6)
  An ufetubus (D:4)
  A worm (D:4)
  2 dart slugs
  28 orcs
  8 ball pythons
  9 endoplasms
  4 giant cockroaches
  5 goblins
  6 hobgoblins
  10 jackals
  4 quokkas
  4 bats
  3 frilled lizards (D:1)
  10 kobolds
  7 rats
161 creatures vanquished.

Vanquished Creatures (others)
  19 fulminant prisms
  2 plants (D:8)
21 creatures vanquished.

Grand Total: 182 creatures vanquished

Notes
Turn   | Place    | Note
-------+----------+-------------------------------------------
     0 | D:1      | raph the Tengu Conjurer began the quest for the Orb.
     0 | D:1      | Reached XP level 1. HP: 10/10 MP: 4/4
   320 | D:1      | Reached XP level 2. HP: 15/15 MP: 0/6
   480 | D:1      | Reached skill level 6 in Conjurations
   498 | D:1      | Found a faded altar of an unknown god.
   989 | D:1      | Reached XP level 3. HP: 19/19 MP: 4/7
   992 | D:1      | Learned a level 2 spell: Searing Ray
   996 | D:1      | Learned a level 3 spell: Dazzling Flash
  1727 | D:2      | Reached skill level 7 in Conjurations
  2177 | D:2      | Reached XP level 4. HP: 24/24 MP: 8/8
  2834 | D:3      | Found Unatzuk's Jewellery Shoppe.
  3645 | D:4      | Noticed a scorpion
  3808 | D:4      | Noticed Ijyb
  4040 | D:4      | Reached skill level 8 in Conjurations
  4115 | D:4      | Gained mutation: Your magical nature lets you fly swiftly
                  | and evasively. [Tengu growth]
  4115 | D:4      | Reached XP level 5. HP: 28/28 MP: 4/9
  4545 | D:4      | Reached skill level 9 in Conjurations
  4546 | D:4      | Reached XP level 6. HP: 28/32 MP: 1/10
  4767 | D:4      | Killed Ijyb
  4853 | D:4      | Reached skill level 10 in Conjurations
  5060 | D:4      | Identified the +3 ring mail of Claustrophobia {Harm rCorr
                  | Str+3}
  5234 | D:4      | Reached XP level 7. HP: 36/36 MP: 5/11
  5284 | D:4      | Learned a level 4 spell: Fulminant Prism
  5352 | D:4      | Found a staircase to the Ecumenical Temple.
  5500 | Temple   | Entered the Ecumenical Temple
  5694 | Temple   | Became a worshipper of Vehumet
  5835 | D:4      | Noticed Edmund
  5845 | D:4      | Killed Edmund
  5846 | D:4      | Reached skill level 1 in Hexes
  6106 | D:5      | Entered Level 5 of the Dungeon
  6109 | D:5      | Reached skill level 11 in Conjurations
  6244 | D:5      | Reached XP level 8. HP: 41/41 MP: 6/13
  6314 | D:5      | Found a glowing silver altar of Zin.
  6314 | D:5      | Noticed an angel
  7317 | D:5      | Reached * piety under Vehumet
  7317 | D:5      | Offered knowledge of Freeze by Vehumet.
  7520 | D:6      | Reached skill level 12 in Conjurations
  7628 | D:6      | Learned a level 4 spell: Iskenderun's Mystic Blast
  7674 | D:6      | Found a runed translucent door.
  7681 | D:6      | Noticed ig889090's ghost (novice FoFi)
  7845 | D:6      | Found a runed translucent door.
  7960 | D:6      | Reached XP level 9. HP: 45/45 MP: 10/15
  8304 | D:6      | Found a glowing drain.
  8308 | D:6      | Reached skill level 1 in Translocations
  8717 | D:7      | Offered knowledge of Sandblast by Vehumet.
  8804 | D:7      | Reached ** piety under Vehumet
  9049 | D:7      | Found a flagged portal.
  9076 | Bailey   | Entered a bailey
  9156 | Bailey   | Noticed an orc knight
  9926 | D:8      | Reached skill level 13 in Conjurations
 10258 | D:8      | Slain by a water moccasin

Illustrated notes

Levels and vault maps discovered:
D:1:      minmay_arrival_statue_studded, layout_loops_corners,
          hellmonk_ecumenical_altar_zigzags, kennysheep_small_spiral
D:2:      layout_loops_cross
D:3:      layout_loops_corners, serial_shops, shop
D:4:      layout_cave_pools, minmay_temple_entry_tees,
          hangedman_abyss_or_decor_stabs, uniq_ijyb, uniq_edmund
D:5:      layout_loops_ring, zin_angel
D:6:      layout_basic, ebering_ghost_sewer_f, portal_sewer_entry_c
D:7:      layout_basic, lightli_bailey_entry_fortress
D:8:      layout_basic, minmay_lair_entry_grove, uniq_harold
Temple:   minmay_crystal_snake_temple

Skill      XL: |  1  2  3  4  5  6  7  8  9 |
---------------+----------------------------+-----
Conjurations   | 6 7 8 9 10 11 12 13 | 13.0
Hexes          | 2 3 4 |  4.7
Spellcasting   | 3 4 |  4.5
Translocations | 2 |  2.0
Dodging        | |  2.1
Stealth        | |  2.0

Action                   |  1- 3 |  4- 6 |  7- 9 || total
-------------------------+-------+-------+-------++-------
Melee: Falchion          |    12 |    10 |     8 ||    30
       Kick              |     2 |     2 |     5 ||     9
       Peck              |     2 |     3 |     2 ||     7
       Rapier            |       |       |     9 ||     9
 Cast: Magic Dart        |    46 |    71 |    23 ||   140
       Searing Ray       |     6 |    19 |    46 ||    71
       Fulminant Prism   |       |       |    19 ||    19
       Iskenderun's Myst |       |       |     9 ||     9
Evoke: Wand              |       |       |     1 ||     1
  Use: Scroll            |     4 |     5 |     5 ||    14
 Stab: Sleeping          |       |     5 |     1 ||     6
Armor: Robe              |     1 |     1 |       ||     2
       Leather armour    |       |     1 |    29 ||    30
Dodge: Dodged            |    22 |    21 |    61 ||   104
       Rpst.: Falchion   |     6 |     6 |     6 ||    18
